| TOP OF THE 1ST |
|
Paris Cubs batting - Pitching for Winnipeg Goldeyes : RHP Kanenori Ikeda Jr.
|
|
Pitching: RHP Kanenori Ikeda Jr.
|
|
|
Batting: RHB Willie Rubio
|
0-0: DOUBLE (Line Drive, 7LS, EV 103.8 MPH)
|
|
Batting: LHB Jeremy Rideout
|
0-0: Called Strike 0-1: Foul Ball, location: 2F 0-2: Ground out 4-3 (Groundball, 4, EV 105.0 MPH) Willie Rubio to third
|
|
Batting: RHB Juan Tarin
|
0-0: Ground out 5-3 (Groundball, 56S, EV 66.2 MPH) Willie Rubio scores
|
|
Batting: LHB David Mendez
|
0-0: Called Strike 0-1: Swinging Strike 0-2: Strikes out swinging
|
| Top of the 1st over - 1 run, 1 hit, 0 errors, 0 left on base; Paris 1 - Winnipeg 0 |
| BOTTOM OF THE 1ST |
|
Winnipeg Goldeyes batting - Pitching for Paris Cubs : RHP Chris P. Shephard
|
|
Pitching: RHP Chris P. Shephard
|
|
|
Batting: RHB Mike Berzins
|
0-0: SINGLE (Groundball, 6, EV 94.4 MPH)
|
|
Batting: RHB Settan Nakamura
|
0-0: Ball 1-0: Called Strike Mike Berzins steals 2nd base 1-1: Ball 2-1: Ball 3-1: Called Strike 3-2: Ground out U3 (Groundball, 34, EV 102.5 MPH) Mike Berzins to third
|
|
Batting: RHB Terry Oetker
|
0-0: Ground out 6-3 (Groundball, 6, EV 80.0 MPH) Mike Berzins scores
|
|
Batting: RHB Mitsuhiro Kobayashi
|
0-0: Ball 1-0: Swinging Strike 1-1: Fly out, F8 (Flyball, 8RD, EV 88.1 MPH)
|
| Bottom of the 1st over - 1 run, 1 hit, 0 errors, 0 left on base; Paris 1 - Winnipeg 1 |
| TOP OF THE 2ND |
|
Paris Cubs batting - Pitching for Winnipeg Goldeyes : RHP Kanenori Ikeda Jr.
|
|
Batting: RHB Jesus Resendez
|
0-0: Ball 1-0: Ball 2-0: Ball 3-0: Base on Balls
|
|
Batting: RHB Jason Banks
|
0-0: Ball 1-0: Ball 2-0: Swinging Strike 2-1: Called Strike 2-2: Foul Ball, location: 2F 2-2: Foul Ball, location: 2F 2-2: Strikes out swinging
|
|
Batting: RHB Mike Snider
|
0-0: Ball 1-0: Ball 2-0: Called Strike 2-1: DOUBLE (Line Drive, 9LD, EV 102.5 MPH) Jesus Resendez to third
|
|
Batting: LHB Bobby Marlatt
|
0-0: Ball 1-0: Ball 2-0: Foul Ball, location: 2F 2-1: Ball 3-1: Called Strike 3-2: Strikes out looking
|
|
Batting: RHB Michihisa Tanaka
|
0-0: Ball Wild Pitch! Jesus Resendez scores Mike Snider to third 1-0: Swinging Strike 1-1: Ball 2-1: Ball 3-1: Base on Balls
|
|
Batting: RHB Willie Rubio
|
0-0: Called Strike 0-1: Called Strike 0-2: Strikes out swinging
|
| Top of the 2nd over - 1 run, 1 hit, 0 errors, 2 left on base; Paris 2 - Winnipeg 1 |
| BOTTOM OF THE 2ND |
|
Winnipeg Goldeyes batting - Pitching for Paris Cubs : RHP Chris P. Shephard
|
|
Batting: RHB Alejandro de Jesus
|
0-0: Called Strike 0-1: Ball 1-1: Ball 2-1: Reached on error, E4 (Popup, 4, EV 73.1 MPH)
|
|
Batting: RHB Ned Scovell
|
0-0: Ball 1-0: Ball Passed Ball! Alejandro de Jesus to second 2-0: Ball 3-0: Base on Balls
|
|
Batting: RHB Calvin Day
|
0-0: Ball 1-0: Foul Ball, location: 2F 1-1: Ball 2-1: Ball 3-1: Fly out, F7 (Flyball, 7, EV 90.6 MPH)
|
|
Batting: RHB Andy Valenzuela
|
0-0: Called Strike 0-1: Ball 1-1: Swinging Strike 1-2: Strikes out swinging
|
|
Batting: RHB Ricky Saucedo
|
0-0: Ground out 6-3 (Groundball, 6S, EV 86.9 MPH)
|
| Bottom of the 2nd over - 0 runs, 0 hits, 1 error, 2 left on base; Paris 2 - Winnipeg 1 |
| TOP OF THE 3RD |
|
Paris Cubs batting - Pitching for Winnipeg Goldeyes : RHP Kanenori Ikeda Jr.
|
|
Batting: LHB Jeremy Rideout
|
0-0: Ball 1-0: Called Strike 1-1: Foul Ball, location: 2F 1-2: Foul Ball, location: 2F 1-2: Foul Ball, location: 2F 1-2: Foul Ball, location: 2F 1-2: Fly out, F8 (Flyball, 78D, EV 86.9 MPH)
|
|
Batting: RHB Juan Tarin
|
0-0: Called Strike 0-1: Swinging Strike 0-2: Ball 1-2: Strikes out looking
|
|
Batting: LHB David Mendez
|
0-0: Ball 1-0: Called Strike 1-1: Ball 2-1: Foul Ball, location: 2F 2-2: Foul Ball, location: 2F 2-2: Strikes out swinging
|
| Top of the 3rd over - 0 runs, 0 hits, 0 errors, 0 left on base; Paris 2 - Winnipeg 1 |
| BOTTOM OF THE 3RD |
|
Winnipeg Goldeyes batting - Pitching for Paris Cubs : RHP Chris P. Shephard
|
|
Batting: RHB Mike Berzins
|
0-0: Ball 1-0: Foul Ball, location: 2F 1-1: DOUBLE (Line Drive, 7LM, EV 104.4 MPH)
|
|
Batting: RHB Settan Nakamura
|
0-0: Ball 1-0: Ball 2-0: Ball Wild Pitch! Mike Berzins to third 3-0: Swinging Strike 3-1: Reached on error, E6 (Groundball, 6, EV 77.5 MPH) Mike Berzins scores
|
|
Batting: RHB Terry Oetker
|
0-0: Called Strike 0-1: Ball 1-1: Called Strike 1-2: Foul Ball, location: 2F 1-2: 2-RUN HOME RUN (Flyball, 78XD, EV 115.0 MPH), Distance : 446 ft
|
|
Batting: RHB Mitsuhiro Kobayashi
|
0-0: Called Strike 0-1: Ball 1-1: Ball 2-1: Called Strike 2-2: Ground out 6-3 (Groundball, 56, EV 105.0 MPH)
|
|
Batting: RHB Alejandro de Jesus
|
0-0: Foul Ball, location: 2F 0-1: SOLO HOME RUN (Flyball, 78XD, EV 114.4 MPH), Distance : 448 ft
|
|
Batting: RHB Ned Scovell
|
0-0: Called Strike 0-1: Fly out, F8 (Flyball, 89D, EV 83.8 MPH)
|
|
Batting: RHB Calvin Day
|
0-0: Foul Ball, location: 2F 0-1: Called Strike 0-2: Strikes out swinging
|
| Bottom of the 3rd over - 4 runs, 3 hits, 1 error, 0 left on base; Paris 2 - Winnipeg 5 |
| TOP OF THE 4TH |
|
Paris Cubs batting - Pitching for Winnipeg Goldeyes : RHP Kanenori Ikeda Jr.
|
|
Batting: RHB Jesus Resendez
|
0-0: Foul Ball, location: 2F 0-1: Called Strike 0-2: Ball 1-2: Foul Ball, location: 2F 1-2: Ball 2-2: Ball 3-2: Base on Balls
|
|
Batting: RHB Jason Banks
|
Pickoff Throw to First - Out! 1-3 0-0: Ball 1-0: Swinging Strike 1-1: Swinging Strike 1-2: Ground out 5-3 (Groundball, 56S, EV 83.8 MPH)
|
|
Batting: RHB Mike Snider
|
0-0: Ball 1-0: SINGLE (Groundball, 6MD, EV 105.6 MPH)
|
|
Batting: LHB Bobby Marlatt
|
0-0: Swinging Strike 0-1: Ball 1-1: Ball 2-1: Swinging Strike 2-2: Strikes out swinging
|
| Top of the 4th over - 0 runs, 1 hit, 0 errors, 1 left on base; Paris 2 - Winnipeg 5 |
| BOTTOM OF THE 4TH |
|
Winnipeg Goldeyes batting - Pitching for Paris Cubs : RHP Chris P. Shephard
|
|
Batting: RHB Andy Valenzuela
|
0-0: Fly out, F9 (Flyball, 9, EV 76.9 MPH)
|
|
Batting: RHB Ricky Saucedo
|
0-0: Ball 1-0: Foul Ball, location: 2F 1-1: Foul Ball, location: 2F 1-2: Strikes out swinging
|
|
Batting: RHB Mike Berzins
|
0-0: Called Strike 0-1: Foul Ball, location: 2F 0-2: Strikes out swinging
|
| Bottom of the 4th over - 0 runs, 0 hits, 0 errors, 0 left on base; Paris 2 - Winnipeg 5 |
| TOP OF THE 5TH |
|
Paris Cubs batting - Pitching for Winnipeg Goldeyes : RHP Kanenori Ikeda Jr.
|
|
Batting: RHB Michihisa Tanaka
|
0-0: Ball 1-0: Called Strike 1-1: Called Strike 1-2: Ball 2-2: Ball 3-2: Foul Ball, location: 2F 3-2: Foul Ball, location: 2F 3-2: Base on Balls
|
|
Batting: RHB Willie Rubio
|
Balk! Michihisa Tanaka to second 0-0: Swinging Strike 0-1: Foul Ball, location: 2F 0-2: Strikes out swinging
|
|
Batting: LHB Jeremy Rideout
|
0-0: Ground out U3 (Groundball, 3S, EV 86.9 MPH) Michihisa Tanaka to third
|
|
Batting: RHB Juan Tarin
|
0-0: Swinging Strike 0-1: Ball 1-1: Ground out 1-3 (Groundball, 15, EV 66.9 MPH)
|
| Top of the 5th over - 0 runs, 0 hits, 0 errors, 1 left on base; Paris 2 - Winnipeg 5 |
| BOTTOM OF THE 5TH |
|
Winnipeg Goldeyes batting - Pitching for Paris Cubs : RHP Chris P. Shephard
|
|
Batting: RHB Settan Nakamura
|
0-0: Ground out U3 (Groundball, 34S, EV 84.4 MPH)
|
|
Batting: RHB Terry Oetker
|
0-0: Ball 1-0: Called Strike 1-1: SINGLE (Groundball, 4MD, EV 100.0 MPH)
|
|
Pitching: RHP Kichijo Robinson
|
|
|
Batting: RHB Mitsuhiro Kobayashi
|
0-0: Called Strike 0-1: Fly out, F8 (Flyball, 8LM, EV 88.8 MPH)
|
|
Batting: RHB Alejandro de Jesus
|
0-0: Ball 1-0: Called Strike 1-1: Ball 2-1: Fly out, F8 (Flyball, 8LD, EV 98.8 MPH)
|
| Bottom of the 5th over - 0 runs, 1 hit, 0 errors, 1 left on base; Paris 2 - Winnipeg 5 |
| TOP OF THE 6TH |
|
Paris Cubs batting - Pitching for Winnipeg Goldeyes : RHP Kanenori Ikeda Jr.
|
|
Batting: LHB David Mendez
|
0-0: Called Strike 0-1: Ball 1-1: Ground out U3 (Groundball, 3L, EV 102.5 MPH)
|
|
Batting: RHB Jesus Resendez
|
0-0: Ball 1-0: TRIPLE (Flyball, 9LD, EV 111.9 MPH)
|
|
Batting: RHB Jason Banks
|
0-0: Called Strike 0-1: Ball 1-1: Called Strike 1-2: Strikes out swinging
|
|
Batting: RHB Mike Snider
|
0-0: Ball 1-0: SINGLE (Flyball, 8RM, EV 87.5 MPH) Jesus Resendez scores
|
|
Batting: LHB Bobby Marlatt
|
0-0: Reached on error, E3 (Groundball, 3L, EV 82.5 MPH) Mike Snider to second
|
|
Pitching: RHP Gregg Edwards
|
|
|
Batting: RHB Michihisa Tanaka
|
0-0: Foul Ball, location: 2F 0-1: Called Strike 0-2: Ball 1-2: Ball 2-2: Strikes out swinging
|
| Top of the 6th over - 1 run, 2 hits, 1 error, 2 left on base; Paris 3 - Winnipeg 5 |
| BOTTOM OF THE 6TH |
|
Winnipeg Goldeyes batting - Pitching for Paris Cubs : RHP Kichijo Robinson
|
|
Batting: RHB Ned Scovell
|
0-0: Ball 1-0: Called Strike 1-1: Foul Ball, location: 2F 1-2: Foul Ball, location: 2F 1-2: Ball 2-2: Ball 3-2: Foul Ball, location: 2F 3-2: Foul Ball, location: 2F 3-2: Ground out 5-3 (Groundball, 5, EV 87.5 MPH)
|
|
Batting: RHB Calvin Day
|
0-0: Ball 1-0: Called Strike 1-1: Ball 2-1: Foul Ball, location: 2F 2-2: Strikes out swinging
|
|
Batting: RHB Andy Valenzuela
|
0-0: Foul Ball, location: 2F 0-1: Called Strike 0-2: Strikes out swinging
|
| Bottom of the 6th over - 0 runs, 0 hits, 0 errors, 0 left on base; Paris 3 - Winnipeg 5 |
| TOP OF THE 7TH |
|
Paris Cubs batting - Pitching for Winnipeg Goldeyes : RHP Gregg Edwards
|
|
Pinch Hitting: LHB Zach Martin
|
0-0: Called Strike 0-1: Ball 1-1: Foul Ball, location: 2F 1-2: Strikes out swinging
|
|
Batting: LHB Jeremy Rideout
|
0-0: Ground out 1-3 (Groundball, 34S, EV 68.8 MPH)
|
|
Batting: RHB Juan Tarin
|
0-0: Ball 1-0: Ball 2-0: Called Strike 2-1: Fly out, F4 (Popup, 4, EV 63.1 MPH)
|
| Top of the 7th over - 0 runs, 0 hits, 0 errors, 0 left on base; Paris 3 - Winnipeg 5 |
| BOTTOM OF THE 7TH |
|
Winnipeg Goldeyes batting - Pitching for Paris Cubs : RHP Kichijo Robinson
|
|
Now in CF: Zach Martin
|
|
|
Batting: RHB Ricky Saucedo
|
0-0: Called Strike 0-1: Ball 1-1: Called Strike 1-2: Foul Ball, location: 2F 1-2: Foul Ball, location: 2F 1-2: Foul Ball, location: 2F 1-2: Ball 2-2: Foul Ball, location: 2F 2-2: Ball 3-2: Base on Balls
|
|
Batting: RHB Mike Berzins
|
0-0: Called Strike 0-1: Bunted foul 0-2: Hit by Pitch Ricky Saucedo to second
|
|
Batting: RHB Settan Nakamura
|
0-0: Sac Bunt to 13 - play at first, batter OUT! 1-3 Ricky Saucedo to third Mike Berzins to second
|
|
Batting: RHB Terry Oetker
|
0-0: Ball 1-0: Called Strike 1-1: Swinging Strike 1-2: Strikes out looking
|
|
Batting: RHB Mitsuhiro Kobayashi
|
0-0: Swinging Strike 0-1: SINGLE (Flyball, 9LS, EV 91.2 MPH) Ricky Saucedo scores Mike Berzins to third Runner from 3rd tries for Home, throw by RF and OUT! 9-2
|
| Bottom of the 7th over - 1 run, 1 hit, 0 errors, 1 left on base; Paris 3 - Winnipeg 6 |
| TOP OF THE 8TH |
|
Paris Cubs batting - Pitching for Winnipeg Goldeyes : RHP Gregg Edwards
|
|
Pitching: RHP Curtis Melchert
|
|
|
Now in CF: Yu-zeng Mai
|
|
|
Batting: LHB David Mendez
|
0-0: Ball 1-0: Ball 2-0: Called Strike 2-1: Swinging Strike 2-2: Ball 3-2: Strikes out swinging
|
|
Pinch Hitting: LHB Tyler Schuettler
|
0-0: Ball 1-0: Called Strike 1-1: Ground out 6-3 (Groundball, 56, EV 103.1 MPH)
|
|
Batting: RHB Jason Banks
|
0-0: Swinging Strike 0-1: Called Strike 0-2: Ball 1-2: Ball 2-2: Ball 3-2: Base on Balls
|
|
Batting: RHB Mike Snider
|
0-0: Ball 1-0: Ball 2-0: Called Strike 2-1: Ball 3-1: Foul Ball, location: 2F 3-2: Strikes out swinging
|
| Top of the 8th over - 0 runs, 0 hits, 0 errors, 1 left on base; Paris 3 - Winnipeg 6 |
| BOTTOM OF THE 8TH |
|
Winnipeg Goldeyes batting - Pitching for Paris Cubs : RHP Kichijo Robinson
|
|
Now in RF: Jonathon Lewis
|
|
|
Batting: RHB Alejandro de Jesus
|
0-0: DOUBLE (Line Drive, 5D, EV 99.4 MPH)
|
|
Pitching: RHP Tyler McCoy
|
|
|
Batting: RHB Ned Scovell
|
0-0: Foul Ball, location: 2F 0-1: Ball 1-1: Ball 2-1: Fly out, F9 (Flyball, 9LD, EV 80.6 MPH) Runner from 2nd tags up, SAFE at 3rd, no throw by RF
|
|
Batting: RHB Calvin Day
|
0-0: Called Strike 0-1: Ball 1-1: Swinging Strike 1-2: Strikes out swinging
|
|
Batting: RHB Andy Valenzuela
|
0-0: Ball Passed Ball! Alejandro de Jesus scores 1-0: Foul Ball, location: 2F 1-1: Ground out 6-3 (Groundball, 6, EV 107.5 MPH)
|
| Bottom of the 8th over - 1 run, 1 hit, 0 errors, 0 left on base; Paris 3 - Winnipeg 7 |
| TOP OF THE 9TH |
|
Paris Cubs batting - Pitching for Winnipeg Goldeyes : RHP Curtis Melchert
|
|
Batting: LHB Bobby Marlatt
|
0-0: Ball 1-0: Called Strike 1-1: Fly out, F5 (Popup, 5SF, EV 81.9 MPH)
|
|
Pinch Hitting: SHB Shiroku Waki
|
0-0: Called Strike 0-1: Called Strike 0-2: Fly out, F8 (Flyball, 8LM, EV 95.6 MPH)
|
|
Batting: LHB Zach Martin
|
0-0: Ball 1-0: Ball 2-0: Ball 3-0: Swinging Strike 3-1: Foul Ball, location: 2F 3-2: Strikes out swinging
|
| Top of the 9th over - 0 runs, 0 hits, 0 errors, 0 left on base; Paris 3 - Winnipeg 7 |
|